 Dungeon Crawl Stone Soup version 0.31-a0-675-g238779eb0a (webtiles) character file.

Game seed: 12430905978889664458

2163 GordonOverkill the Basher (level 9, -1/86 (98) HPs)
             Began as an Ogre Delver on Sept 4, 2023.
             Was an Initiate of Okawaru.
             Slain by a wight
             ... wielding a +1 flail
              (4 damage)
             ... on level 6 of the Dungeon.
             The game lasted 00:15:37 (10013 turns).

GordonOverkill the Basher (Ogre Delver)            Turns: 10013, Time: 00:15:37

HP:   -1/86 (98)    AC:  5    Str: 22    XL:     9   Next: 32%
MP:   0/9           EV:  9    Int: 11    God:    Okawaru [......]
Gold: 375           SH:  0    Dex: 10    Spells: 8/8 levels left

rFire   . . .        E - +0 giant spiked club
rCold   . . .        (shield currently unavailable)
rNeg    . . .        b - +0 robe
rPois   .            (helmet restricted)
rElec   .            I - +1 cloak
rCorr   .            (gloves unavailable)
SInv    .            (boots unavailable)
Will    +....        J - amulet of guardian spirit
Stlth   ++           v - ring of willpower
HPRegen 0.34/turn    B - ring of flight
MPRegen 0.11/turn

%: guardian spirit
@: flying, hasted, heavily drained, very quick
A: large, unfitting armour, tough skin 1
a: Renounce Religion


You were on level 6 of the Dungeon.
You worshipped Okawaru.
Okawaru was noncommittal.
You visited 2 branches of the dungeon, and saw 8 of its levels.
You also visited: Ossuary.

You collected 375 gold pieces.

Inventory:

Hand Weapons
 E - a +0 giant spiked club (weapon)
Missiles
 o - 6 javelins
 D - 19 poisoned darts (quivered)
Armour
 b - a +0 robe (worn)
 I - a +1 cloak (worn)
Jewellery
 v - a ring of willpower (left hand)
 B - a ring of flight (right hand)
 J - an amulet of guardian spirit (around neck)
Wands
 a - a wand of paralysis (14)
 g - a wand of digging (6)
Scrolls
 c - a scroll of fog
 h - 4 scrolls of blinking {unknown}
 j - a scroll of revelation
 m - 5 scrolls of teleportation
 t - 3 scrolls of vulnerability {unknown}
 w - a scroll of summoning {unknown}
 x - 2 scrolls of enchant armour {unknown}
 y - a scroll of torment {unknown}
 z - 2 scrolls of amnesia {unknown}
 A - a scroll of acquirement {unknown}
 G - a scroll of poison {unknown}
 H - 3 scrolls of identify
 K - a scroll of brand weapon {unknown}
Potions
 d - 6 potions of curing
 e - 3 potions of cancellation
 i - a potion of ambrosia {unknown}
 k - 3 potions of enlightenment {unknown}
 l - 2 potions of heal wounds {unknown}
 n - 3 potions of might {unknown}
 p - 4 potions of brilliance {unknown}
 q - a potion of magic
 r - 2 potions of resistance
 s - a potion of invisibility {unknown}
 u - 2 potions of mutation {unknown}
 C - 2 potions of lignification {unknown}
 F - a potion of degeneration {unknown}


   Skills:
 - Level 9.0 Fighting
 + Level 9.6 Maces & Flails
 - Level 1.7 Dodging
 - Level 3.7 Stealth
 + Level 1.2 Invocations


You had 8 spell levels left.
You didn't know any spells.
Your spell library contained the following spells:

 Spells                   Type           Power      Damage    Failure   Level
 Magic Dart               Conj           0%         1d3       34%         1
 Searing Ray              Conj           0%         2d4       47%         2
 Sublimation of Blood     Necr           0%         N/A       47%         2
 Wereblood                Tmut           0%         N/A       47%         2
 Dazzling Flash           Conj/Hex       0%         N/A       71%         3
 Portal Projectile        Hex/Tloc       0%         N/A       71%         3
 Fulminant Prism          Conj/Hex       0%         3d5       98%         4
 Iskenderun's Mystic Bla  Conj/Tloc      0%         2d3       98%         4
 Agony                    Necr           0%         N/A       100%        5
 Silence                  Hex/Air        0%         N/A       100%        5
 Summon Small Mammal      Summ           Unusable   N/A       N/A         1
 Call Canine Familiar     Summ           Unusable   N/A       N/A         3
 Summon Guardian Golem    Hex/Summ       Unusable   N/A       N/A         3
 Tukima's Dance           Hex            Unusable   N/A       N/A         3
 Summon Hydra             Summ           Unusable   N/A       N/A         7

Dungeon Overview and Level Annotations

Branches:
Dungeon (7/15)             Temple (1/1) D:6         Ossuary (visited)

Altars:
Cheibriados
Elyvilon
Gozag
Hepliaklqana
Kikubaaqudgha
Makhleb
Nemelex Xobeh
Okawaru
Qazlal
Ru
Sif Muna
Vehumet
Wu Jian
Xom
Yredelemnul
Zin
The Shining One
Jiyva

Annotations:
D:1 2 runed translucent doors


Innate Abilities, Weirdness & Mutations

You are too large for most types of armour.
You have tough skin. (AC +1)


Message History

You are too injured to fight recklessly!
The wight hits you with a +3 falchion.
You feel drained. The wight attacks as it pursues you!
The wight barely misses you. The wight attacks as it pursues you!
The wight hits you with a +3 falchion!
* * * LOW HITPOINT WARNING * * *
The wight attacks as it pursues you! The wight hits you with a +1 flail.
* * * LOW HITPOINT WARNING * * *
The wight barely misses you.
There is an escape hatch in the ceiling here.
The wight barely misses you. The wight hits you with a +3 falchion!
* * * LOW HITPOINT WARNING * * *
You feel drained.
* * * LOW HITPOINT WARNING * * *
The ice beast hits you but does no damage.
A mysterious force pulls you upwards. The hatch slams shut behind you.
You closely miss the ice beast.
The ice beast is almost dead.
The wight barely misses you. The wight hits you with a +3 falchion!
* * * LOW HITPOINT WARNING * * *
You feel drained.
* * * LOW HITPOINT WARNING * * *
The ice beast hits you.
* * * LOW HITPOINT WARNING * * *
The ice beast freezes you.
* * * LOW HITPOINT WARNING * * *
The wight attacks as it pursues you! The wight hits you with a +1 flail.
* * * LOW HITPOINT WARNING * * *
You feel drained.
* * * LOW HITPOINT WARNING * * *
The wight hits you with a +3 falchion.
* * * LOW HITPOINT WARNING * * *
The wight attacks as it pursues you! The wight hits you with a +1 flail!
* * * LOW HITPOINT WARNING * * *
The wight attacks as it pursues you! The wight hits you with a +3 falchion!
* * * LOW HITPOINT WARNING * * *
You feel drained.
* * * LOW HITPOINT WARNING * * *
Okay, then.
You feel yourself speed up. The wight hits you with a +1 flail.
You die...

#......# #......................
##......# #........#.............
......>## #........#.#...#.......
.......####........#.#...#)......
...................#..####.......
..........[...................##'
..............................##.
...............Yz......(......#..
###...#####....z@........#####...
#...# #######'#....#.####..#.
#...# #.#....#......##. #...#
#.#....##>)#####. #...#
#.#######.## #. ##### #.# #.# #.
#.# #.# #. #.# #.# #. #######
#.#######.######.


You could see an ice beast and 2 wights.

Vanquished Creatures
  A wraith (Ossuary)
  4 yaks
  A water moccasin (D:6)
  A black bear (D:5)
  An ice beast (D:5)
  2 ogres
  A kobold brigand (D:5)
  A wight (D:6)
  A howler monkey (D:5)
  3 orc priests
  A jelly (D:4)
  A gnoll bouda (D:5)
  3 hounds
  3 orc wizards
  2 sleepcaps
  3 iguanas (D:6)
  2 mummies
  12 gnolls
  10 adders
  3 white imps
  2 ufetubi
  3 dart slugs
  17 orcs
  4 endoplasms
  3 giant cockroaches
  3 goblins
  5 hobgoblins
  9 kobolds
  7 quokkas
  5 ball pythons
  4 bats (D:1)
  7 frilled lizards
  4 gnoll skeletons (Ossuary)
  9 kobold skeletons (Ossuary)
  12 orc skeletons (Ossuary)
  4 rats
154 creatures vanquished.

Vanquished Creatures (others)
  2 kobolds
2 creatures vanquished.

Grand Total: 156 creatures vanquished

Notes
Turn   | Place    | Note
-------+----------+-------------------------------------------
     0 | D:5      | GordonOverkill the Ogre Delver began the quest for the Orb.
     0 | D:5      | Reached XP level 1. HP: 24/24 MP: 1/1
    16 | D:6      | Reached XP level 2. HP: 32/32 MP: 2/2
    43 | D:6      | Noticed an ogre
    75 | D:5      | Reached XP level 3. HP: 24/40 MP: 3/3
   151 | D:5      | Reached skill level 5 in Fighting
   201 | D:5      | Noticed an ogre
   202 | D:5      | Noticed an ice beast
   223 | D:4      | Reached XP level 4. HP: 12/50 MP: 4/4
   428 | D:4      | Found a sand-covered staircase.
   433 | Ossuary  | Entered an ossuary
   433 | Ossuary  | Noticed a wraith
   433 | Ossuary  | Noticed a wraith
   433 | Ossuary  | Noticed a wraith
   682 | Ossuary  | Noticed a wraith
   810 | Ossuary  | Killed a wraith
   811 | Ossuary  | Reached XP level 5. HP: 13/62 MP: 5/5
   811 | Ossuary  | Reached XP level 6. HP: 15/71 MP: 6/6
  2143 | D:1      | Found a large runed translucent door.
  2143 | D:1      | Found a large runed translucent door.
  2143 | D:1      | Found a viscous altar of Jiyva.
  2688 | D:2      | Found a shimmering blue altar of Sif Muna.
  3334 | D:3      | Found a burning altar of Makhleb.
  3814 | D:4      | Found a sparkling altar of Nemelex Xobeh.
  3829 | D:4      | Reached skill level 5 in Maces & Flails
  4330 | D:4      | Reached XP level 7. HP: 63/78 MP: 7/7
  4941 | D:5      | Found a snail-covered altar of Cheibriados.
  5678 | D:5      | Reached XP level 8. HP: 79/92 MP: 8/8
  5909 | D:5      | Found a glowing silver altar of Zin.
  6466 | D:6      | Noticed a yak
  6467 | D:6      | Found a glowing golden altar of the Shining One.
  6467 | D:6      | Noticed a yak
  6468 | D:6      | Noticed a yak
  6484 | D:6      | Noticed a yak
  6490 | D:6      | Killed a yak
  7762 | D:6      | Found a stormy altar of Qazlal.
  8080 | D:6      | Found a hazy altar of Hepliaklqana.
  8276 | D:5      | Killed a yak
  8277 | D:5      | Reached XP level 9. HP: 80/98 MP: 9/9
  8362 | D:6      | Found a staircase to the Ecumenical Temple.
  8779 | Temple   | Entered the Ecumenical Temple
  8824 | Temple   | Became a worshipper of Warmaster Okawaru
  9144 | D:6      | Found a hazy altar of Hepliaklqana.
  9238 | D:6      | Found an opulent altar of Gozag.
  9433 | D:6      | Found a stormy altar of Qazlal.
  9819 | D:6      | Found a glowing golden altar of the Shining One.
  9848 | D:7      | Reached skill level 1 in Invocations
 10011 | D:6      | HP: 2/86 [wight/+3 falchion (4)]
 10013 | D:6      | Slain by a wight

Illustrated notes

Levels and vault maps discovered:
D:1:      erik_arrival_cave_to_civilisation [erik_arrival_cave_to_temple],
          layout_basic
D:2:      layout_loops_corners, basic_altar
D:3:      kennysheep_big_flooded_room, layout_loops_ring,
          lightli_temple_of_fire, dreamdust_mushroom_princess
D:4:      layout_cave_pools, nemelex_xobeh_ov_fountains_minmay, enter_ossuary_5
D:5:      layout_cave_pools, slow_altar_1, zin_scriptorium
D:6:      layout_basic, lemuel_coloured_pillars_altar,
          nicolae_overflow_hidden_temple, nicolae_qazlal_scattered_showers,
          temple_hall, grunt_decor_arrowhead
D:7:      layout_gridville, nicolae_shop_i_like_small_books_too
Temple:   grunt_temple_mini_profane

Skill      XL: |  1  2  3  4  5  6  7  8  9 |
---------------+----------------------------+-----
Maces & Flails | 2 3 4 5 9 |  9.6
Fighting       | 5 7 9 |  9.0
Invocations    | 1 |  1.2
Dodging        | |  1.7
Stealth        | |  3.7

Action                     |  1- 3 |  4- 6 |  7- 9 || total
---------------------------+-------+-------+-------++-------
  Melee: Mace              |    18 |       |       ||    18
         Flail             |     3 |   245 |     7 ||   255
         Punch             |       |     1 |       ||     1
         Giant spiked club |       |       |   205 ||   205
  Throw: Javelin           |       |       |    12 ||    12
         Dart              |       |       |     8 ||     8
  Evoke: Wand              |       |       |     2 ||     2
    Use: Scroll            |       |     8 |     3 ||    11
         Potion            |       |     1 |     3 ||     4
   Stab: Sleeping          |     1 |     6 |     3 ||    10
         Paralysed         |       |       |     2 ||     2
         Distracted        |       |       |     1 ||     1
 Armour: Robe              |    28 |   209 |   230 ||   467
  Dodge: Dodged            |    30 |   127 |   136 ||   293

Table legend: (Time is in decaauts)
 A = Elapsed time spent in this place.
 B = Non-inter-level travel time spent in this place.
 C = Inter-level travel time spent in this place.
 D = Time resting spent in this place.
 E = Time spent auto-exploring this place.
 F = Levels seen in this place.
 G = Mean time per level.
                   A        B        C        D        E       F      G
               +--------+--------+--------+--------+--------+-----+--------+
         Total |  10220 |   9543 |    677 |   2943 |   4456 |   9 | 1135.6 |
       Dungeon |   9516 |   8878 |    638 |   2570 |   4456 |   7 | 1359.4 |
        Temple |     83 |     44 |     39 |      0 |      0 |   1 |   83.0 |
       Ossuary |    619 |    619 |      0 |    372 |      0 |   1 |  619.0 |
               +--------+--------+--------+--------+--------+-----+--------+

Top non-repeatable levels by time:
     D:6: 3140 daAuts
     D:5: 1752 daAuts
     D:4: 1676 daAuts
     D:3: 961 daAuts
     D:1: 909 daAuts
     D:2: 856 daAuts
 Ossuary: 619 daAuts
     D:7: 219 daAuts
  Temple: 83 daAuts
